 Dungeon Crawl Stone Soup version 0.16.1-51-g6203257 (webtiles) character file.

708 Ladykiller69 the Chopper (level 8, -6/61 HPs)
             Began as a Formicid Fighter on July 5, 2015.
             Was a Follower of Cheibriados.
             Mangled by a freezing wraith (7 damage)
             ... on level 13 of the Dungeon.
             The game lasted 00:09:57 (2368 turns).

Ladykiller69 the Chopper (Formicid Fighter)         Turns: 2368, Time: 00:09:58

Health: -6/61      AC: 10    Str: 26      XL:     8   Next: 0%
Magic:  11/11      EV:  7    Int: 11      God:    Cheibriados [*.....]
Gold:   169        SH: 11    Dex: 12 (13) Spells: 0 memorised, 7 levels left

rFire  . . .     SeeInvis +     a - +0 war axe
rCold  . . .     Clarity  .     r - +0 chain mail
rNeg   . . .     SustAb   .     c - +0 shield
rPois  .         Gourm    .     (helmet unavailable)
rElec  .         Spirit   .     (no cloak)
rCorr  .         Warding  .     (no gloves)
rMut   .         Stasis   +     s - +0 pair of boots
MR     .....                    (no amulet)
Stlth  ..........               (no ring)
                                (no ring)

@: very slow, not resistant to hostile enchantments, extremely unstealthy
A: permanent stasis, dig shafts and tunnels, four strong arms, antennae 3
a: Dig, Shaft Self, Bend Time, Renounce Religion


You were on level 13 of the Dungeon.
You worshipped Cheibriados.
Cheibriados was aware of your devotion.
You were not hungry.

You visited 2 branches of the dungeon, and saw 11 of its levels.

You collected 169 gold pieces.

Inventory:

Hand weapons
 a - a +0 war axe (weapon)
Armour
 b - a +0 scale mail
 c - a +0 shield (worn)
 r - a +0 chain mail (worn)
 s - a +0 pair of boots (worn)
Jewellery
 m - a +6 ring of protection {unknown}
 w - an uncursed ring of protection from cold {unknown}
Magical devices
 t - a wand of disintegration (10)
Scrolls
 g - 2 scrolls of recharging {unknown}
 i - 2 scrolls of enchant weapon {unknown}
 k - 3 scrolls of identify {unknown}
 n - a scroll of teleportation {unknown}
 u - 2 scrolls of fog {unknown}
Potions
 e - a potion of might
 f - a potion of heal wounds {unknown}
Comestibles
 d - 2 bread rations
 h - a beef jerky
 j - 3 slices of pizza
 l - 2 meat rations


   Skills:
 - Level 4.3 Fighting
 * Level 6.4 Axes
 - Level 4.2 Armour
 + Level 6.0 Shields


You had 7 spell levels left.
You didn't know any spells.

Dungeon Overview and Level Annotations

Branches:
Dungeon (15/15)            Temple (1/1) D:4
   Lair: D:8-11         Orc: D:9-12      Vaults: D:13-14     Depths: D:15

Altars:
Cheibriados
Elyvilon
Kikubaaqudgha
Makhleb
Nemelex Xobeh
Okawaru
Ru
Sif Muna
Trog
Vehumet
Zin

Annotations:
D:3 Grinder
D:4 Razmath's ghost, experienced VSFi
D:9 kae's ghost, experienced HOFi
D:15 exclusion: obsidian statue, Maud


Innate Abilities, Weirdness & Mutations

You are under a permanent stasis effect.
You can dig through walls and to a lower floor.
Your four strong arms can wield two-handed weapons with a shield.
You have a pair of large antennae on your head (SInv).


Message History

The freezing wraith closely misses you.
The freezing wraith hits you but does no damage.
Your chain mail prevents you from hitting the freezing wraith.
The freezing wraith hits you. The freezing wraith freezes you!
* * * LOW HITPOINT WARNING * * *
The freezing wraith hits you!
* * * LOW HITPOINT WARNING * * *
You block the freezing wraith's attack. x2
You closely miss the freezing wraith. The freezing wraith barely misses you.
The freezing wraith hits you but does no damage.
Use which ability? (? or * to list) Are you sure you want to shaft yourself?
You feel quite a bit more hungry. You block the freezing wraith's attack.
The freezing wraith hits you!
* * * LOW HITPOINT WARNING * * *
The freezing wraith drains your vigour!
Your stasis keeps you stable.
* * * LOW HITPOINT WARNING * * *
You begin to dig a shaft.
You continue digging a shaft.
The freezing wraith hits you!
You die...

#####+########....
........@W........
########..........
#..>......
#.........
#.........
#........ #.......
#....$. #.##


You could see a freezing wraith.

Vanquished Creatures
  2 ice beasts
  A black bear (D:4)
  An eye of draining (D:14)
  A giant frog skeleton (D:7)
  An orc wizard (D:4)
  2 worker ants (D:4)
  3 hounds
  An iguana (D:4)
  Ijyb (D:3)
  3 adders
  A worm (D:2)
  3 giant geckos
  2 oozes (D:2)
  6 orcs
  3 giant cockroaches
  9 goblins
  2 hobgoblins
  10 kobolds
  A ball python (D:3)
  9 bats
  4 giant newts
  A quokka skeleton (D:4)
  5 rats
72 creatures vanquished.

Notes
Turn   | Place    | Note
--------------------------------------------------------------
     0 | D:1      | Ladykiller69, the Formicid Fighter, began the quest for the Orb.
     0 | D:1      | Reached XP level 1. HP: 18/18 MP: 1/1
    48 | D:1      | Reached XP level 2. HP: 17/24 MP: 3/3
   266 | D:1      | Found a sparkling altar of Nemelex Xobeh.
   365 | D:2      | Found a white marble altar of Elyvilon.
   384 | D:2      | Found a glowing silver altar of Zin.
   385 | D:2      | Found a bloodstained altar of Trog.
   393 | D:2      | Reached XP level 3. HP: 20/30 MP: 4/4
   688 | D:2      | Found a deep blue altar of Sif Muna.
   916 | D:3      | Noticed Ijyb
   925 | D:3      | Killed Ijyb
   925 | D:3      | Reached XP level 4. HP: 33/37 MP: 5/5
   960 | D:3      | Reached skill level 4 in Shields
  1086 | D:3      | Noticed Grinder
  1111 | D:4      | Reached XP level 5. HP: 34/42 MP: 7/7
  1159 | D:4      | Found a staircase to the Ecumenical Temple.
  1169 | Temple   | Entered the Ecumenical Temple
  1209 | Temple   | Became a worshipper of Cheibriados the Contemplative
  1251 | D:4      | Noticed an ice beast
  1260 | D:4      | Killed an ice beast
  1260 | D:4      | Reached XP level 6. HP: 39/49 MP: 8/8
  1590 | D:4      | Acquired Cheibriados' first power
  1678 | D:4      | Reached skill level 5 in Axes
  1678 | D:4      | Reached skill level 5 in Shields
  1691 | D:4      | Reached XP level 7. HP: 46/55 MP: 9/9
  1702 | D:4      | Noticed a black bear
  1711 | D:4      | Killed a black bear
  1743 | D:4      | Noticed Razmath's ghost (experienced VSFi)
  1769 | D:4      | You fall through a shaft for 3 floors!
  1812 | D:7      | You fall through a shaft for 2 floors!
  1812 | D:9      | Noticed kae's ghost (experienced HOFi)
  1818 | D:9      | You fall through a shaft for 3 floors!
  1834 | D:12     | Reached skill level 6 in Axes
  1837 | D:12     | Noticed an unseen horror
  1855 | D:12     | HP: 2/55 [unseen horror (5)]
  1858 | D:12     | You fall through a shaft for 2 floors!
  2209 | D:14     | Noticed a hill giant
  2213 | D:14     | You fall through a shaft!
  2213 | D:15     | Entered Level 15 of the Dungeon
  2331 | D:15     | Noticed Maud
  2340 | D:15     | Reached XP level 8. HP: 37/61 MP: 11/11
  2345 | D:15     | Noticed an obsidian statue
  2356 | D:14     | Noticed a freezing wraith
  2367 | D:13     | HP: 2/61 [freezing wraith (8)]
  2368 | D:13     | Mangled by a freezing wraith

Action                   |  1- 3 |  4- 6 |  7- 9 || total
-------------------------+-------+-------+-------++-------
Melee: War axe           |    76 |   154 |    71 ||   301
 Abil: Dig               |       |     3 |     3 ||     6
       Shaft Self        |       |       |     6 ||     6
  Use: Potion            |       |       |     4 ||     4
  Eat: Chunk             |       |     3 |     1 ||     4
       Meat ration       |       |       |     1 ||     1
       Beef jerky        |       |       |     1 ||     1
